 Dungeon Crawl Stone Soup version 0.19-a0-811-gf4045fb (webtiles) character file.

58 Rickard the Insei (level 3, -3/29 HPs)
             Began as a Demigod Transmuter on June 27, 2016.
             Slain by Natasha (5 damage)
             ... on level 2 of the Dungeon.
             The game lasted 00:07:51 (1790 turns).

Rickard the Insei (Demigod Transmuter)              Turns: 1790, Time: 00:07:52

Health: -3/29      AC:  3    Str: 13    XL:     3   Next: 51%
Magic:  4/8        EV: 12    Int: 19    God:
Gold:   90         SH:  0    Dex: 16    Spells: 2 memorised, 2 levels left

rFire  + . .     SeeInvis .       - Unarmed
rCold  + . .     Gourm    .     b - +0 robe
rNeg   . . .     Faith    .     (no shield)
rPois  +         Spirit   .     (no helmet)
rElec  +         Dismiss  .     (no cloak)
rCorr  +         Reflect  .     (no gloves)
SustAt +         Harm     .     e - +0 pair of boots
MR     .....                    d - amulet of regeneration
Stlth  +.........               (no ring)
                                (no ring)

@: resistant, very slightly contaminated, not resistant to hostile enchantments,
very unstealthy
A: high mp 1, sense surroundings 1, robust 1, sustain attributes, MP-powered
wands
a: no special abilities


You were on level 2 of the Dungeon.
You were not hungry.

You visited 1 branch of the dungeon, and saw 2 of its levels.

You collected 90 gold pieces.

Inventory:

Missiles
 a - 8 arrows
Armour
 b - a +0 robe (worn)
 e - a +0 pair of boots (worn)
Jewellery
 d - an amulet of regeneration (around neck)
Scrolls
 i - a scroll of blinking {unknown}
 j - 3 scrolls of identify {unknown}
 k - a scroll of enchant weapon {unknown}
 n - a scroll of fear {unknown}
Potions
 h - a potion of mutation
Books
 c - a book of Changes

   Spells                             Type                      Level
   a - Beastly Appendage              Transmutation                1
   b - Sticks to Snakes               Transmutation                2
   c - Spider Form                    Transmutation/Poison         3
   d - Ice Form                       Ice/Transmutation            4
   e - Blade Hands                    Transmutation                5
Comestibles
 f - 4 meat rations
 l - a bread ration
 m - 2 chunks of flesh


   Skills:
 - Level 0.8 Fighting
 - Level 1.7 Dodging
 + Level 4.3 Unarmed Combat
 - Level 1.7 Spellcasting
 - Level 1.7 Transmutations


You had 2 spell levels left.
You knew the following spells:

 Your Spells              Type           Power        Failure   Level  Hunger
a - Beastly Appendage     Tmut           #.....       10%         1    #......
b - Sticks to Snakes      Tmut           #.......     14%         2    ###....


Dungeon Overview and Level Annotations

Branches:
Dungeon (2/15)

Annotations:
D:2 Natasha


Innate Abilities, Weirdness & Mutations

You have an increased reservoir of magic. (+10% MP)
Your attributes are resistant to harm.
You passively map a small area around you.
You are robust. (+10% HP)
You expend magic power (3 MP) to strengthen your wands.


Message History

The crimson imp hits you.
* * * LOW HITPOINT WARNING * * *
The crimson imp barely misses your adder.
Natasha stares at you and mumbles some strange words.
The magic dart hits you!
* * * LOW HITPOINT WARNING * * *
Okay, then.
It was a potion of resistance.
You feel protected.
Your adder closely misses the crimson imp.
The crimson imp hits you but does no damage.
The crimson imp closely misses your adder.
Natasha claws you.
* * * LOW HITPOINT WARNING * * *
Your adder bites the crimson imp.
Okay, then.
You barely miss Natasha.
Natasha is severely wounded.
The crimson imp blinks!
The crimson imp hits your adder. Natasha claws you.
You die...

#.# , *#.# #.# * #.#
#5# #### #.# #.# *,
..# #(# #.# ** #.#
#.#
#.#######.#####.##
#.##............^#
###.h..####.###..#..
#.ยง@.S.# #.# #)...#
#.####5####.# #.####
#.# #......# #.# #
#.# #.###### #.# #
#.# #.# #.# # #.#
#.# #.# # #.# #.#
#.# # #.#
#.########.# # #.#
#.......##.#


You could see Natasha, 2 crimson imps and a friendly adder.

Vanquished Creatures
  An ooze (D:1)
  2 dart slugs (D:1)
  A ball python (D:1)
  3 bats (D:1)
  6 giant cockroaches (D:1)
  4 goblins (D:1)
  4 hobgoblins
  2 jackals (D:1)
  3 giant newts (D:1)
  3 kobolds (D:1)
  5 rats (D:1)
34 creatures vanquished.

Vanquished Creatures (collateral kills)
  Terence (D:2)
1 creature vanquished.

Grand Total: 35 creatures vanquished

Notes
Turn   | Place    | Note
--------------------------------------------------------------
     0 | D:1      | Rickard the Demigod Transmuter began the quest for the Orb.
     0 | D:1      | Reached XP level 1. HP: 15/15 MP: 5/5
   253 | D:1      | Reached skill level 3 in Unarmed Combat
   298 | D:1      | Reached XP level 2. HP: 8/22 MP: 7/7
  1126 | D:1      | Reached XP level 3. HP: 25/27 MP: 8/8
  1130 | D:1      | Learned a level 2 spell: Sticks to Snakes
  1253 | D:1      | Reached skill level 4 in Unarmed Combat
  1470 | D:2      | Noticed Terence
  1501 | D:2      | Killed Terence
  1772 | D:2      | Noticed Natasha
  1788 | D:2      | Gained mutation: You are robust. (+10% HP) [potion of mutation]
  1788 | D:2      | Gained mutation: You expend magic power (3 MP) to strengthen your wands. [potion of mutation]
  1788 | D:2      | Gained mutation: You passively map a small area around you. [potion of mutation]
  1789 | D:2      | HP: 1/29 [Natasha (3)]
  1790 | D:2      | Slain by Natasha

Vault maps used:
D:1:      dpeg_arrival_water_fire
D:2:      uniq_natasha, uniq_terence

Skill      XL: |  1  2  3 |
---------------+----------+-----
Unarmed Combat | 3 4 |  4.3
Fighting       | |  0.8
Dodging        | |  1.7
Spellcasting   | |  1.7
Transmutations | |  1.7

Action                   || total
-------------------------++-------
Melee: Unarmed           ||   160
       Punch             ||     3
       Headbutt          ||     4
 Cast: Beastly Appendage ||     6
       Sticks to Snakes  ||     4
  Use: Potion            ||     2
 Stab: Sleeping          ||     3
  Eat: Chunk             ||     2
       Bread ration      ||     1
Armor: Robe              ||    26
Dodge: Dodged            ||    87
